[Event "BL Meisterschaftsturnier 2020"]
[Site "Karlsruhe"]
[Date "2020.09.17"]
[Round "3.13"]
[White "Lagarde, Maxime"]
[Black "Bischoff, Klaus"]
[Result "1/2-1/2"]
[ECO "C02"]
[WhiteElo "2657"]
[BlackElo "2503"]
[Annotator "ChessBase"]
[PlyCount "45"]
[EventDate "2020.09.16"]
[EventType "team-tourn"]
[EventCountry "GER"]
[WhiteTeam "Deizisau"]
[BlackTeam "Bayern Muenchen"]
[TimeControl "40/5400+30:1800+30"]

1. e4 e6 2. d4 d5 3. e5 c5 4. c3 Nc6 5. Nf3 Bd7 6. Be2 Nge7 7. Na3 cxd4 8. cxd4 Nc8 9. O-O Be7 10. Re1 h6 11. Bd2 a6 12. Nc2 a5 13. Bc3 N8a7 14. Qd2 Qb6 15. h4 Nb4 16. Ne3 Bb5 17. a3 Bxe2 18. Rxe2 Nbc6 19. Rc1 Qb5 20. Ree1 Nc8 21. Nf1 Nb6 22. Ng3 Kd7 23. Nh5 1/2-1/2

[Event "BL Meisterschaftsturnier 2020"]
[Site "Karlsruhe"]
[Date "2020.09.17"]
[Round "3.14"]
[White "Fedorovsky, Michael"]
[Black "Kollars, Dmitrij"]
[Result "1/2-1/2"]
[ECO "E46"]
[WhiteElo "2422"]
[BlackElo "2585"]
[Annotator "RC"]
[PlyCount "81"]
[EventDate "2020.09.16"]
[EventType "team-tourn"]
[EventCountry "GER"]
[WhiteTeam "Bayern Muenchen"]
[BlackTeam "Deizisau"]
[TimeControl "40/5400+30:1800+30"]

1. d4 Nf6 2. c4 e6 3. Nc3 Bb4 4. e3 O-O 5. Nge2 Re8 6. a3 Bf8 7. Nf4 d6 8. Be2 Nbd7 9. O-O e5 10. Nfd5 c6 11. Nxf6+ Nxf6 12. b4 g6 13. Bb2 Bg7 14. d5 Bf5 15. Qd2 Qe7 16. dxc6 bxc6 17. b5 cxb5 18. cxb5 Rad8 19. Nd5 Nxd5 20. Qxd5 Be6 21. Qd2 d5 22. a4 d4 23. exd4 exd4 24. Bd3 Bd5 25. Rfe1 Qd7 26. h3 Bb7 27. Qg5 Ba8 28. Rac1 h6 29. Rxe8+ Rxe8 30. Qc5 Kh7 31. Bf1 Rd8 32. Qc7 d3 33. Qxd7 Rxd7 34. Bxg7 Kxg7 35. Rd1 d2 36. f3 Rd4 37. Kf2 Bd5 38. Ke3 Rxa4 39. Rxd2 Be6 40. Rd4 Ra3+ 41. Kf2 1/2-1/2

[Event "BL Meisterschaftsturnier 2020"]
[Site "Karlsruhe"]
[Date "2020.09.17"]
[Round "3.14"]
[White "Schmidek, Emil"]
[Black "Naiditsch, Arkadij"]
[Result "0-1"]
[ECO "E45"]
[WhiteElo "2395"]
[BlackElo "2624"]
[Annotator "ChessBase"]
[PlyCount "60"]
[EventDate "2020.09.16"]
[EventType "team-tourn"]
[EventCountry "GER"]
[WhiteTeam "SF Berlin"]
[BlackTeam "Baden-Baden"]
[TimeControl "40/5400+30:1800+30"]

1. d4 Nf6 2. c4 e6 3. Nc3 Bb4 4. e3 b6 5. Nge2 Ba6 6. a3 Be7 7. Nf4 O-O 8. Bd3 d5 9. cxd5 Bxd3 10. Qxd3 exd5 11. O-O Qd7 12. Bd2 Nc6 13. b4 Nd8 14. f3 Ne6 15. Nxe6 fxe6 16. b5 Rac8 17. Ne2 c5 18. bxc6 Rxc6 19. Bb4 Rfc8 20. Rfc1 Rc4 21. Rxc4 dxc4 22. Qd2 Bxb4 23. axb4 Nd5 24. Ra3 Qe7 25. Nf4 Nxf4 26. exf4 a5 27. Re3 axb4 28. Qe2 c3 29. Rxe6 Qf7 30. Re7 c2 0-1

[Event "BL Meisterschaftsturnier 2020"]
[Site "Karlsruhe"]
[Date "2020.09.17"]
[Round "3.15"]
[White "Bacrot, Etienne"]
[Black "Florstedt, Johannes"]
[Result "1-0"]
[ECO "A33"]
[WhiteElo "2673"]
[BlackElo "2353"]
[Annotator "ChessBase"]
[PlyCount "61"]
[EventDate "2020.09.16"]
[EventType "team-tourn"]
[EventCountry "GER"]
[WhiteTeam "Baden-Baden"]
[BlackTeam "SF Berlin"]
[TimeControl "40/5400+30:1800+30"]

1. Nf3 c5 2. c4 Nc6 3. d4 cxd4 4. Nxd4 Nf6 5. Nc3 e6 6. a3 Bc5 7. Nb3 Bb6 8. c5 Bc7 9. g3 O-O 10. Bg2 b6 11. O-O Rb8 12. cxb6 axb6 13. Nb5 Be5 14. f4 Bc7 15. Nxc7 Qxc7 16. f5 Bb7 17. Bf4 e5 18. Bg5 Rbc8 19. Bxf6 gxf6 20. Rc1 Rfd8 21. Bd5 Qb8 22. Rc4 Ne7 23. Rg4+ Kf8 24. Bxb7 Qxb7 25. Qd2 Ke8 26. Qh6 Rc2 27. Nd2 d5 28. Qxf6 Rxd2 29. Rg7 Nc6 30. Rc1 Qe7 31. Rg8+ 1-0

[Event "BL Meisterschaftsturnier 2020"]
[Site "Karlsruhe"]
[Date "2020.09.17"]
[Round "3.15"]
[White "Kozul, Zdenko"]
[Black "Lokander, Martin"]
[Result "1/2-1/2"]
[ECO "D85"]
[WhiteElo "2597"]
[BlackElo "2406"]
[Annotator "ChessBase"]
[PlyCount "123"]
[EventDate "2020.09.16"]
[EventType "team-tourn"]
[EventCountry "GER"]
[WhiteTeam "Deizisau"]
[BlackTeam "Bayern Muenchen"]
[TimeControl "40/5400+30:1800+30"]

1. d4 Nf6 2. Nf3 g6 3. c4 Bg7 4. Nc3 d5 5. cxd5 Nxd5 6. e4 Nxc3 7. bxc3 c5 8. Be3 Qa5 9. Qd2 O-O 10. Rc1 Bg4 11. d5 b5 12. Be2 Nd7 13. O-O Rfd8 14. Rfd1 Bxf3 15. Bxf3 c4 16. h4 Qc7 17. h5 Nc5 18. Rb1 Rab8 19. Bd4 Bxd4 20. cxd4 Nd3 21. g3 Qb6 22. Be2 Qxd4 23. Bxd3 cxd3 24. Qxd3 Qxd3 25. Rxd3 Rdc8 26. Ra3 Rc4 27. Rxa7 Rxe4 28. h6 f5 29. d6 Kf7 30. Kf1 Re6 31. d7 Rd6 32. Rb4 Ke6 33. a4 Rxd7 34. Ra5 Rdb7 35. axb5 Kd6 36. Rb2 Kc5 37. b6+ Kc6 38. Re5 Kd7 39. Reb5 e6 40. Ra5 Kc6 41. Rc2+ Kxb6 42. Ra1 Re8 43. Kg2 e5 44. g4 fxg4 45. Kg3 Rf8 46. Kxg4 Rf4+ 47. Kg3 Rb4 48. Rc8 Rc7 49. Rb8+ Kc5 50. Ra5+ Kc4 51. Rxb4+ Kxb4 52. Rxe5 Kc4 53. Kg4 Kd4 54. f4 Rf7 55. Kg5 Kc4 56. Kg4 Kd4 57. Kf3 Rd7 58. Ra5 Rf7 59. Kg4 Ke4 60. Re5+ Kd4 61. Kg5 Kc4 62. Kg4 1/2-1/2

[Event "BL Meisterschaftsturnier 2020"]
[Site "Karlsruhe"]
[Date "2020.09.17"]
[Round "3.16"]
[White "Rafiee, Makan"]
[Black "Demuth, Adrien"]
[Result "1/2-1/2"]
[ECO "B89"]
[WhiteElo "2334"]
[BlackElo "2492"]
[Annotator "ChessBase"]
[PlyCount "105"]
[EventDate "2020.09.16"]
[EventType "team-tourn"]
[EventCountry "GER"]
[WhiteTeam "Bayern Muenchen"]
[BlackTeam "Deizisau"]
[TimeControl "40/5400+30:1800+30"]

1. e4 c5 2. Nf3 Nc6 3. d4 cxd4 4. Nxd4 Nf6 5. Nc3 d6 6. Bc4 e6 7. Be3 Be7 8. Bb3 O-O 9. Qe2 a6 10. O-O-O Nxd4 11. Bxd4 b5 12. g4 b4 13. Na4 Bb7 14. f3 Nd7 15. Qf2 Bc6 16. Nb6 Nxb6 17. Bxb6 Qb8 18. Rhe1 a5 19. Bc4 Rc8 20. Kb1 a4 21. b3 Bb7 22. Bd3 Ba6 23. Bd4 Bxd3 24. Rxd3 Qb5 25. Red1 Rc6 26. Qe2 Bg5 27. R3d2 Qa5 28. Be3 axb3 29. cxb3 Bxe3 30. Qxe3 Rc3 31. Qd4 Rxf3 32. Qb2 Ra6 33. Rd3 Rxd3 34. Rxd3 h6 35. Qd2 Qc5 36. Rd4 Rb6 37. h3 d5 38. exd5 exd5 39. Rxd5 Qc6 40. Rd8+ Kh7 41. Qd3+ g6 42. Rd7 Qh1+ 43. Qd1 Qe4+ 44. Qd3 Qe1+ 45. Qd1 Qe8 46. Qd4 Rc6 47. Kb2 Re6 48. Rc7 Re2+ 49. Rc2 Re4 50. Qf6 Re6 51. Qd4 Re4 52. Qf6 Re6 53. Qd4 1/2-1/2

[Event "BL Meisterschaftsturnier 2020"]
[Site "Karlsruhe"]
[Date "2020.09.17"]
[Round "3.16"]
[White "Rudolf, Henrik"]
[Black "Movsesian, Sergei"]
[Result "0-1"]
[ECO "B43"]
[WhiteElo "2295"]
[BlackElo "2649"]
[Annotator "ChessBase"]
[PlyCount "64"]
[EventDate "2020.09.16"]
[EventType "team-tourn"]
[EventCountry "GER"]
[WhiteTeam "SF Berlin"]
[BlackTeam "Baden-Baden"]
[TimeControl "40/5400+30:1800+30"]

1. e4 c5 2. Nf3 e6 3. d4 cxd4 4. Nxd4 a6 5. Nc3 Qc7 6. Be2 b5 7. O-O Bb7 8. Re1 Bd6 9. g3 Be7 10. Bf3 d6 11. a4 bxa4 12. Nxa4 Nd7 13. b3 Ngf6 14. c4 O-O 15. Bg2 Rab8 16. f4 Rfd8 17. Ba3 Nc5 18. Nc3 Ba8 19. b4 Ncd7 20. Rc1 Nb6 21. Bf1 Qa7 22. Kh1 Rbc8 23. Nd5 exd5 24. cxd5 Nxe4 25. Rxe4 Nxd5 26. Bg2 Nc3 27. Rxc3 Rxc3 28. Bb2 Rc4 29. Qd3 Rdc8 30. h4 Bxe4 31. Bxe4 Bf6 32. Bxh7+ Kf8 0-1

[Event "BL Meisterschaftsturnier 2020"]
[Site "Karlsruhe"]
[Date "2020.09.18"]
[Round "4.4"]
[White "Keymer, Vincent"]
[Black "Piceu, Tom"]
[Result "1-0"]
[ECO "D35"]
[WhiteElo "2568"]
[BlackElo "2347"]
[Annotator "RC"]
[PlyCount "57"]
[EventDate "2020.09.16"]
[EventType "team-tourn"]
[EventCountry "GER"]
[SourceTitle "playchess.com"]
[Source "ChessBase"]
[SourceQuality "1"]
[WhiteTeam "Deizisau"]
[BlackTeam "Aachen"]
[TimeControl "40/5400+30:1800+30"]

1. d4 Nf6 2. c4 e6 3. Nc3 d5 4. cxd5 exd5 5. Bg5 Be7 6. e3 O-O 7. Bd3 c6 8. Nf3 Nbd7 9. Qc2 h6 10. Bh4 Re8 11. Nd2 c5 12. Nf3 a6 13. dxc5 Nxc5 14. O-O Bg4 15. Nd4 Rc8 16. Nf5 Bf8 17. h3 Nxd3 18. Qxd3 Bxf5 19. Qxf5 Qd7 20. Qxd7 Nxd7 21. Nxd5 Rc2 22. Rfd1 g5 23. Bg3 Rxb2 24. Rac1 Bg7 25. Rc7 Ne5 26. Ne7+ Kf8 27. Nf5 b5 28. Rd5 Ng6 29. Rdd7 1-0

[Event "BL Meisterschaftsturnier 2020"]
[Site "Karlsruhe"]
[Date "2020.09.18"]
[Round "4.15"]
[White "Reuker, Jari"]
[Black "Tarlev, Konstantin"]
[Result "0-1"]
[ECO "A06"]
[WhiteElo "2401"]
[BlackElo "2561"]
[Annotator "RC"]
[PlyCount "64"]
[EventDate "2020.09.16"]
[EventType "team-tourn"]
[EventCountry "GER"]
[SourceTitle "playchess.com"]
[Source "ChessBase"]
[SourceQuality "1"]
[WhiteTeam "Werder Bremen"]
[BlackTeam "Viernheim"]
[TimeControl "40/5400+30:1800+30"]

1. Nf3 d5 2. g3 Bg4 3. Bg2 c6 4. c4 e6 5. O-O Nf6 6. d3 Be7 7. Qb3 Qb6 8. Be3 dxc4 9. dxc4 Qa6 10. h3 Bh5 11. g4 Bg6 12. Ne5 Nbd7 13. Nxg6 hxg6 14. g5 Nh7 15. h4 Nhf8 16. Nd2 Rxh4 17. Qc3 e5 18. Ne4 f5 19. gxf6 gxf6 20. f4 f5 21. Nd2 e4 22. b4 Bf6 23. Bd4 Bxd4+ 24. Qxd4 Ne6 25. Qc3 Rxf4 26. Qh8+ Ndf8 27. Rxf4 Nxf4 28. Qe5+ N4e6 29. Bxe4 Qb6+ 30. c5 Qxb4 31. Rd1 O-O-O 32. Bd3 Qg4+ 0-1

[Event "BL Meisterschaftsturnier 2020"]
[Site "Karlsruhe"]
[Date "2020.09.19"]
[Round "5.3"]
[White "Abergel, Thal"]
[Black "Vandenbussche, Thibaut"]
[Result "1-0"]
[ECO "C41"]
[WhiteElo "2460"]
[BlackElo "2435"]
[Annotator "ChessBase"]
[PlyCount "159"]
[EventDate "2020.09.16"]
[EventType "team-tourn"]
[EventCountry "GER"]
[SourceTitle "playchess.com"]
[Source "ChessBase"]
[SourceQuality "1"]
[WhiteTeam "Viernheim"]
[BlackTeam "Aachen"]
[TimeControl "40/5400+30:1800+30"]

1. e4 d6 2. d4 Nf6 3. Nc3 e5 4. Nf3 Nbd7 5. Bc4 Be7 6. O-O O-O 7. a4 a6 8. a5 exd4 9. Qxd4 h6 10. h3 Ne5 11. Be2 Be6 12. Rd1 c5 13. Qe3 Qc7 14. Nxe5 dxe5 15. Nd5 Bxd5 16. exd5 e4 17. Qb3 Bd6 18. Be3 Rae8 19. Qc4 Qe7 20. c3 Rc8 21. Bf1 Nd7 22. Qe2 f5 23. f4 exf3 24. Qxf3 Ne5 25. Qe2 f4 26. Bf2 f3 27. Qe4 fxg2 28. Bxg2 Qg5 29. h4 Qh5 30. Bh3 Rce8 31. Be6+ Kh8 32. Kg2 Ng6 33. Qg4 Qe5 34. Bg3 Nf4+ 35. Kh2 h5 36. Qf3 Nxe6 37. Bxe5 Bxe5+ 38. Kg2 Rxf3 39. Kxf3 Nf8 40. Ra4 Nd7 41. Re4 Kg8 42. Ke2 Kf7 43. Rf1+ Ke7 44. Rf5 Kd6 45. c4 Re7 46. b3 Nf6 47. Re3 Ng4 48. Re4 g6 49. Rf8 Bf6 50. Rxe7 Bxe7 51. Rg8 Bxh4 52. Rxg6+ Bf6 53. Rg8 Ne5 54. Rb8 Kc7 55. Rf8 Nd7 56. Rf7 h4 57. Rh7 Bc3 58. Rxh4 Bxa5 59. Kd3 Be1 60. Rh7 Bg3 61. Ke4 b5 62. Kf5 Kc8 63. Rh6 Kb7 64. Ke6 Nb6 65. Rh7+ Kb8 66. Rh3 Bf4 67. Rf3 Bh2 68. cxb5 axb5 69. d6 c4 70. b4 Na4 71. Rf5 Kb7 72. d7 Bc7 73. Rxb5+ Kc6 74. Rb8 c3 75. b5+ Kc5 76. Rc8 Kxb5 77. Rxc7 Nc5+ 78. Rxc5+ Kxc5 79. d8=Q Kb4 80. Qd1 1-0

[Event "BL Meisterschaftsturnier 2020"]
[Site "Karlsruhe"]
[Date "2020.09.19"]
[Round "5.16"]
[White "Wegerle, Joerg"]
[Black "Grafl, Florian"]
[Result "1-0"]
[ECO "B01"]
[WhiteElo "2401"]
[BlackElo "2353"]
[Annotator "ChessBase"]
[PlyCount "125"]
[EventDate "2020.09.16"]
[EventType "team-tourn"]
[EventCountry "GER"]
[SourceTitle "playchess.com"]
[Source "ChessBase"]
[SourceQuality "1"]
[WhiteTeam "Solingen"]
[BlackTeam "Bayern Muenchen"]
[TimeControl "40/5400+30:1800+30"]

1. e4 d5 2. exd5 Qxd5 3. Nc3 Qd6 4. d4 Nf6 5. Nf3 c6 6. Ne5 Nbd7 7. Nc4 Qc7 8. Qf3 Nb6 9. Bf4 Qd8 10. Be5 Be6 11. Ne3 g6 12. O-O-O Bh6 13. Kb1 Bxe3 14. Qxe3 Ng4 15. Qe1 Nxe5 16. Qxe5 O-O 17. Bd3 Nd5 18. Nxd5 Qxd5 19. Qxd5 Bxd5 20. Rhe1 Rfe8 21. f3 Rad8 22. b3 Rd6 23. Kb2 Be6 24. Bc4 Bxc4 25. bxc4 e6 26. Rd3 Red8 27. Kc3 R8d7 28. a4 Kf8 29. a5 Ke7 30. Rb1 a6 31. Rbd1 Kd8 32. Kb4 Kc7 33. Kc5 Rd8 34. Rb1 R6d7 35. f4 h5 36. g3 Kb8 37. c3 Ka8 38. Re3 Rh8 39. Re5 Rc8 40. h3 Kb8 41. g4 hxg4 42. hxg4 Rh8 43. f5 exf5 44. gxf5 gxf5 45. Kb6 c5 46. Kxc5 Rh3 47. Kb4 f4 48. Rf1 Re3 49. Rf5 f3 50. R1xf3 Rxf3 51. Rxf3 Kc8 52. d5 Kd8 53. Kc5 Rc7+ 54. Kd4 Rd7 55. c5 Kc7 56. c4 f6 57. Rxf6 Rh7 58. c6 b6 59. axb6+ Kxb6 60. c5+ Kc7 61. Rf4 a5 62. Kc4 a4 63. Kb5 1-0

[Event "BL Meisterschaftsturnier 2020"]
[Site "Karlsruhe"]
[Date "2020.09.19"]
[Round "6.7"]
[White "Naumann, Alexander"]
[Black "Florstedt, Johannes"]
[Result "1-0"]
[ECO "B90"]
[WhiteElo "2539"]
[BlackElo "2353"]
[Annotator "ChessBase"]
[PlyCount "92"]
[EventDate "2020.09.16"]
[EventType "team-tourn"]
[EventCountry "GER"]
[SourceTitle "playchess.com"]
[Source "ChessBase"]
[SourceQuality "1"]
[WhiteTeam "Solingen"]
[BlackTeam "SF Berlin"]
[TimeControl "40/5400+30:1800+30"]

1. e4 c5 2. Nf3 d6 3. d4 cxd4 4. Nxd4 Nf6 5. Nc3 a6 6. Be3 e5 7. Nb3 Be6 8. f3 h5 9. Nd5 Bxd5 10. exd5 Nbd7 11. Qd2 g6 12. O-O-O Nb6 13. Kb1 Nbxd5 14. Bg5 Be7 15. g3 Nb6 16. Bxf6 Bxf6 17. Qxd6 Qxd6 18. Rxd6 Bd8 19. Bg2 Bc7 20. Rd3 h4 21. Nc5 hxg3 22. hxg3 Rxh1+ 23. Bxh1 Ke7 24. f4 exf4 25. gxf4 Bxf4 26. Bxb7 Ra7 27. Bxa6 f5 28. b4 Bd6 29. Re3+ Kf7 30. Bb5 g5 31. Bd3 f4 32. Rh3 Re7 33. Ne4 Bxb4 34. Nxg5+ Kf6 35. Ne4+ Ke5 36. c3 Bxc3 37. Nxc3 Rg7 38. Ne2 Nd5 39. Rh5+ Kd6 40. Be4 Nf6 41. Rh6 Ke5 42. Bf3 Ne4 43. Bxe4 Kxe4 44. Rh4 Kf3 45. Nd4+ Ke4 46. Rxf4+ Kd5 1-0

[Event "BL Meisterschaftsturnier 2020"]
[Site "Karlsruhe"]
[Date "2020.09.19"]
[Round "6.8"]
[White "Kollars, Dmitrij"]
[Black "Fedorchuk, Sergey A."]
[Result "1/2-1/2"]
[ECO "B46"]
[WhiteElo "2585"]
[BlackElo "2615"]
[Annotator "RC"]
[PlyCount "72"]
[EventDate "2020.09.16"]
[EventType "team-tourn"]
[EventCountry "GER"]
[SourceTitle "playchess.com"]
[Source "ChessBase"]
[SourceQuality "1"]
[WhiteTeam "Deizisau"]
[BlackTeam "Viernheim"]
[TimeControl "40/5400+30:1800+30"]

1. e4 c5 2. Nf3 e6 3. d4 cxd4 4. Nxd4 Nc6 5. Nc3 a6 6. Nxc6 bxc6 7. Bd3 d5 8. O-O Nf6 9. Re1 Be7 10. e5 Nd7 11. Qg4 Kf8 12. Bd2 Qc7 13. Qg3 c5 14. Na4 c4 15. Bf1 h5 16. Bc3 h4 17. Qe3 Rh5 18. Bd4 Rb8 19. b3 Rf5 20. g3 hxg3 21. hxg3 Rh5 22. f4 Bb7 23. Be2 Rh8 24. Kg2 g6 25. Rh1 Kg7 26. g4 Rbg8 27. Bf3 cxb3 28. cxb3 Qc2+ 29. Qf2 Rc8 30. Rxh8 Kxh8 31. Rf1 Kg8 32. Qxc2 Rxc2+ 33. Rf2 Rc1 34. Rf1 Rc2+ 35. Rf2 Rc1 36. Rf1 Rc2+ 1/2-1/2

[Event "BL Meisterschaftsturnier 2020"]
[Site "Karlsruhe"]
[Date "2020.09.19"]
[Round "6.8"]
[White "Rudolf, Henrik"]
[Black "Wegerle, Joerg"]
[Result "0-1"]
[ECO "B32"]
[WhiteElo "2295"]
[BlackElo "2401"]
[Annotator "NA"]
[PlyCount "62"]
[EventDate "2020.09.16"]
[EventType "team-tourn"]
[EventCountry "GER"]
[SourceTitle "playchess.com"]
[Source "ChessBase"]
[SourceQuality "1"]
[WhiteTeam "SF Berlin"]
[BlackTeam "Solingen"]
[TimeControl "40/5400+30:1800+30"]

1. e4 c5 2. Nf3 Nc6 3. d4 cxd4 4. Nxd4 e5 5. Nb5 a6 6. Nd6+ Bxd6 7. Qxd6 Qe7 8. Qd1 Nf6 9. Nc3 d6 10. Be3 O-O 11. Be2 h6 12. Qd2 $14 b5 13. f3 Be6 14. Nd5 Bxd5 15. exd5 Nd4 16. Rd1 Nxd5 17. Bxd4 exd4 18. Qxd4 Ne3 19. Kf2 Nxd1+ 20. Rxd1 Qe5 21. f4 Qc5 22. Qxc5 dxc5 23. Rd5 c4 24. b3 cxb3 25. axb3 Rfd8 26. Re5 Re8 27. Rf5 g6 28. Rf6 Kg7 29. Rb6 Reb8 30. Rd6 Rd8 31. Rb6 Rd2 0-1

[Event "BL Meisterschaftsturnier 2020"]
[Site "Karlsruhe"]
[Date "2020.09.19"]
[Round "6.12"]
[White "Bischoff, Klaus"]
[Black "Van Foreest, Lucas"]
[Result "0-1"]
[ECO "A10"]
[WhiteElo "2503"]
[BlackElo "2531"]
[Annotator "ChessBase"]
[PlyCount "116"]
[EventDate "2020.09.16"]
[EventType "team-tourn"]
[EventCountry "GER"]
[SourceTitle "playchess.com"]
[Source "ChessBase"]
[SourceQuality "1"]
[WhiteTeam "Bayern Muenchen"]
[BlackTeam "Werder Bremen"]
[TimeControl "40/5400+30:1800+30"]

1. c4 g6 2. d4 Bg7 3. e4 d6 4. Nc3 c5 5. d5 Bxc3+ 6. bxc3 e5 7. dxe6 Bxe6 8. Nf3 Nc6 9. Ng5 Nf6 10. Nxe6 fxe6 11. Qc2 e5 12. Be2 Qe7 13. O-O O-O-O 14. Rd1 h6 15. Rd3 g5 16. Rf3 Rdf8 17. Bd2 Kc7 18. Rd1 Qe6 19. Be1 Rhg8 20. Rfd3 Rd8 21. Rh3 h5 22. Bd2 Rd7 23. Rf3 Ne7 24. Qa4 g4 25. Rd3 Nc8 26. f3 h4 27. Be1 g3 28. h3 Nb6 29. Qa5 Kb8 30. Rd5 Nh5 31. Bd2 Rf8 32. Rb1 Rc7 33. Bg5 Qg6 34. Be3 Nxd5 35. cxd5 Nf4 36. Bxf4 Rxf4 37. Qb5 Rf8 38. Qd3 c4 39. Qe3 Rc5 40. Rb4 Qf6 41. Kf1 Rfc8 42. Ke1 Qf4 43. Qxf4 exf4 44. Kd2 Ra5 45. a4 b5 46. Bd1 Kb7 47. Kc1 Kb6 48. Kb2 Kc5 49. Rxb5+ Rxb5+ 50. axb5 Rb8 51. Ba4 Kb6 52. Ka3 Ka5 53. Bd1 Rxb5 54. Bc2 Kb6 55. Ka2 Kc5 56. Ka3 a5 57. Ka2 a4 58. Ka3 Rb3+ 0-1

[Event "BL Meisterschaftsturnier 2020"]
[Site "Karlsruhe"]
[Date "2020.09.19"]
[Round "6.13"]
[White "Zumsande, Martin"]
[Black "Fedorovsky, Michael"]
[Result "1-0"]
[ECO "B30"]
[WhiteElo "2456"]
[BlackElo "2422"]
[Annotator "ChessBase"]
[PlyCount "91"]
[EventDate "2020.09.16"]
[EventType "team-tourn"]
[EventCountry "GER"]
[SourceTitle "playchess.com"]
[Source "ChessBase"]
[SourceQuality "1"]
[WhiteTeam "Werder Bremen"]
[BlackTeam "Bayern Muenchen"]
[TimeControl "40/5400+30:1800+30"]

1. e4 c5 2. Nf3 Nc6 3. c3 Nf6 4. e5 Nd5 5. Bc4 Nb6 6. Bb3 d5 7. exd6 Qxd6 8. Na3 a6 9. O-O Bf5 10. d4 e6 11. Be3 cxd4 12. Nxd4 Nxd4 13. Bxd4 O-O-O 14. Qh5 Bg6 15. Qf3 Qc7 16. Rad1 Bd6 17. h4 h5 18. Bxb6 Qxb6 19. Nc4 Qc7 20. Nxd6+ Rxd6 21. Rxd6 Qxd6 22. Rd1 Qe7 23. Qg3 Re8 24. Qe5 f6 25. Qe3 e5 26. Bd5 Kb8 27. c4 Bf5 28. c5 Qc7 29. b4 Rd8 30. Bf3 Rxd1+ 31. Bxd1 Qd7 32. Bxh5 Bg4 33. Bg6 Be6 34. a3 Qd1+ 35. Kh2 Qa1 36. Qd3 Ka7 37. Qd6 Qa2 38. Be4 Bc8 39. Qb6+ Kb8 40. c6 Qc4 41. cxb7 Qxe4 42. bxc8=Q+ Kxc8 43. Qxa6+ Kb8 44. Qb6+ Kc8 45. g3 f5 46. Qe3 1-0

[Event "BL Meisterschaftsturnier 2020"]
[Site "Karlsruhe"]
[Date "2020.09.19"]
[Round "6.13"]
[White "Klein, Felix"]
[Black "Naiditsch, Arkadij"]
[Result "0-1"]
[ECO "B32"]
[WhiteElo "2307"]
[BlackElo "2624"]
[Annotator "RC"]
[PlyCount "64"]
[EventDate "2020.09.16"]
[EventType "team-tourn"]
[EventCountry "GER"]
[SourceTitle "playchess.com"]
[Source "ChessBase"]
[SourceQuality "1"]
[WhiteTeam "Aachen"]
[BlackTeam "Baden-Baden"]
[TimeControl "40/5400+30:1800+30"]

1. e4 c5 2. Nf3 Nc6 3. d4 cxd4 4. Nxd4 Qb6 5. Nb3 Nf6 6. Nc3 e6 7. Be3 Qc7 8. a3 a6 9. f4 d6 10. g4 b5 11. g5 Nd7 12. Qd2 Nc5 13. O-O-O Rb8 14. f5 Na4 15. g6 hxg6 16. fxe6 Bxe6 17. Nd5 Bxd5 18. exd5 Ne5 19. Bf4 Nc4 20. Bxc4 bxc4 21. Na5 Be7 22. Nc6 O-O 23. Bg5 Bxg5 24. Qxg5 Rfe8 25. Rhe1 Qb7 26. b3 cxb3 27. Nxb8 Rxb8 28. Rd4 Qc8 29. c4 b2+ 30. Kc2 Qb7 31. Qe3 b1=Q+ 32. Kd2 Q7b2# 0-1

[Event "BL Meisterschaftsturnier 2020"]
[Site "Karlsruhe"]
[Date "2020.09.19"]
[Round "6.14"]
[White "Lokander, Martin"]
[Black "Reuker, Jari"]
[Result "1-0"]
[ECO "D31"]
[WhiteElo "2406"]
[BlackElo "2401"]
[Annotator "NA"]
[PlyCount "123"]
[EventDate "2020.09.16"]
[EventType "team-tourn"]
[EventCountry "GER"]
[SourceTitle "playchess.com"]
[Source "ChessBase"]
[SourceQuality "1"]
[WhiteTeam "Bayern Muenchen"]
[BlackTeam "Werder Bremen"]
[TimeControl "40/5400+30:1800+30"]

1. d4 d5 2. c4 e6 3. Nc3 c6 4. e4 dxe4 5. Nxe4 Bb4+ 6. Bd2 Qxd4 7. Bxb4 Qxe4+ 8. Ne2 Na6 9. Bf8 Ne7 10. Bxg7 Nb4 11. Qd6 Nd3+ 12. Kd2 Nf5 13. Qxd3 Qxd3+ 14. Kxd3 Nxg7 15. Kc3 b6 16. g4 Bb7 17. Bg2 O-O-O 18. Rad1 h5 19. g5 c5 20. Bxb7+ Kxb7 21. h4 Nf5 22. Ng3 Nd4 23. Kd3 Kc7 $14 24. Ke4 Rdf8 25. f4 f6 26. Rhf1 Rh7 27. Ke3 f5 28. Kf2 a6 29. Rfe1 Rd8 30. Re3 Rd6 31. Red3 b5 32. b4 bxc4 33. bxc5 cxd3 34. cxd6+ Kxd6 35. Rxd3 Kc5 36. Rc3+ Kd5 37. Ra3 Rb7 38. Kg2 Rb2+ 39. Kh3 e5 40. g6 Ne6 41. Nxh5 exf4 42. g7 Nxg7 43. Nxg7 Rb6 44. Nxf5 Ke4 45. Kg4 Rg6+ 46. Kh5 Rf6 47. Nh6 f3 48. Ng4 Rf8 49. Nf2+ Kf4 50. Nh3+ Ke5 51. Re3+ Kd4 52. Re1 Kd3 53. Nf2+ Kd2 54. Re6 Rg8 55. Rg6 Rf8 56. Kg4 Ke2 57. Kg3 Kf1 58. h5 a5 59. h6 Rh8 60. a4 Rh7 61. Ng4 Rf7 62. Rf6 1-0

[Event "BL Meisterschaftsturnier 2020"]
[Site "Karlsruhe"]
[Date "2020.09.19"]
[Round "6.15"]
[White "Wachinger, Nikolas"]
[Black "Lindgren, Philip"]
[Result "1-0"]
[ECO "B11"]
[WhiteElo "2304"]
[BlackElo "2358"]
[Annotator "NA"]
[PlyCount "59"]
[EventDate "2020.09.16"]
[EventType "team-tourn"]
[EventCountry "GER"]
[SourceTitle "playchess.com"]
[Source "ChessBase"]
[SourceQuality "1"]
[WhiteTeam "Werder Bremen"]
[BlackTeam "Bayern Muenchen"]
[TimeControl "40/5400+30:1800+30"]

1. e4 c6 2. Nf3 d5 3. Nc3 Bg4 4. h3 Bxf3 5. Qxf3 e6 6. Be2 Nf6 7. O-O Nbd7 8. d4 dxe4 9. Nxe4 Nxe4 10. Qxe4 Be7 11. c3 O-O $14 12. Bd3 g6 13. Bf4 Re8 14. Qf3 Bf6 15. Rad1 Qb6 16. Bc1 Qa5 17. Bc4 Bg5 18. Be3 Bxe3 19. fxe3 Re7 20. Qg3 Rf8 21. Rf2 e5 22. Qg5 Qd8 23. Rdf1 Qe8 24. h4 exd4 25. exd4 Kg7 26. h5 h6 27. Rxf7+ Rfxf7 28. Qxg6+ Kf8 29. Qxh6+ Kg8 30. Rf3 1-0

[Event "BL Meisterschaftsturnier 2020"]
[Site "Karlsruhe"]
[Date "2020.09.19"]
[Round "6.16"]
[White "Rafiee, Makan"]
[Black "Colbow, Collin"]
[Result "1/2-1/2"]
[ECO "B66"]
[WhiteElo "2334"]
[BlackElo "2210"]
[Annotator "NA"]
[PlyCount "78"]
[EventDate "2020.09.16"]
[EventType "team-tourn"]
[EventCountry "GER"]
[SourceTitle "playchess.com"]
[Source "ChessBase"]
[SourceQuality "1"]
[WhiteTeam "Bayern Muenchen"]
[BlackTeam "Werder Bremen"]
[TimeControl "40/5400+30:1800+30"]

1. e4 c5 2. Nf3 d6 3. d4 cxd4 4. Nxd4 Nf6 5. Nc3 Nc6 6. Bg5 e6 7. Qd2 a6 8. O-O-O Be7 9. h4 Nxd4 10. Qxd4 b5 11. Be2 Qc7 12. f4 Bb7 13. Bf3 Rd8 14. h5 h6 15. Bh4 e5 16. Qe3 exf4 17. Qxf4 O-O 18. Nd5 Nxd5 19. exd5 Rde8 20. Rhe1 Qd8 21. Bxe7 Rxe7 22. c3 Rfe8 23. Rxe7 Rxe7 24. Kc2 Re5 25. Kb3 Qc7 26. a4 f5 27. axb5 axb5 28. Qd4 Qa5 29. g4 Kf8 30. Qf4 Kg8 31. Kc2 Bc8 32. g5 hxg5 33. Qxg5 f4 34. Qxf4 Bf5+ 35. Kd2 Qa2 36. Qb4 Qa7 37. Qd4 Qa2 38. Qb4 Qa7 39. Qd4 Qa2 1/2-1/2